 Dungeon Crawl Stone Soup version 0.27-a0-668-gb5737ff2c0 (webtiles) character file.

Game seed: 13645226420034846040

233 robertstho the Chopper (level 5, 0/48 HPs)
             Began as a Minotaur Berserker on Mar 17, 2021.
             Was a Believer of Trog.
             Slain by Edmund
             ... wielding a +2 dire flail of protection
              (3 damage)
             ... on level 4 of the Dungeon.
             The game lasted 00:04:05 (3611 turns).

robertstho the Chopper (Minotaur Berserker)         Turns: 3611, Time: 00:04:06

Health: 0/48       AC: 10    Str: 21    XL:     5   Next: 74%
Magic:  4/4        EV:  6    Int:  5    God:    Trog [**....]
Gold:   157        SH:  8    Dex: 10    Spells: 4/4 levels left

rFire    . . .     SeeInvis .   b - +0 war axe
rCold    . . .     Faith    .   d - +0 kite shield
rNeg     . . .     Spirit   .   k - +1 chain mail {rPois}
rPois    +         Reflect  .   (helmet restricted)
rElec    .         Harm     .   (no cloak)
rCorr    .         Rampage  .   (no gloves)
Will     .....                  (no boots)
Stlth    ..........             (no amulet)
HPRegen  0.16/turn              c - ring of flight
MPRegen  0.09/turn              (no ring)

@: very slightly contaminated, invisible
A: horns 2, retaliatory headbutt
a: Renounce Religion, Evoke Flight, Berserk, Trog's Hand


You were on level 4 of the Dungeon.
You worshipped Trog.
Trog was pleased with you.
You visited 1 branch of the dungeon, and saw 4 of its levels.

You collected 157 gold pieces.

Inventory:

Hand Weapons
 b - a +0 war axe (weapon)
 f - a +2 flail of draining
Armour
 d - a +0 kite shield (worn)
 k - a +1 chain mail of poison resistance (worn)
Jewellery
 c - a ring of flight (right hand)
Potions
 a - a potion of lignification {unknown}
 h - a potion of curing


   Skills:
 * Level 5.1 Fighting
 + Level 5.3 Axes
 * Level 3.6 Armour
 + Level 3.0 Dodging
 + Level 0.4 Stealth
 + Level 1.8 Shields


You had 4 spell levels left.
You didn't know any spells.
Your spell library was empty.

Dungeon Overview and Level Annotations

Branches:
Dungeon (4/15)
 Temple: D:4-7

Altars:
Hepliaklqana
Nemelex Xobeh
Okawaru
Trog
Uskayaw
Xom

Annotations:
D:4 Edmund


Innate Abilities, Weirdness & Mutations

You have a pair of horns on your head.
You reflexively headbutt those who attack you in melee.


Message History

An orc is wielding a +0 club and quivering silver boomerangs.
The orc shouts!
The orc priest mumbles some strange prayers to Beogh against you.
Beogh smites you! You block Edmund's attack.
The orc wizard casts a spell at itself.
The orc wizard flickers and vanishes!
Deactivating autopickup; reactivate with Ctrl-A.
You hit Edmund. You headbutt Edmund, but do no damage.
Edmund is lightly wounded.
Edmund hits you with a +2 dire flail of protection!
An orc priest comes into view. It is wielding a +0 whip.
The orc priest hits you with a +0 flail.
Edmund hits you with a +2 dire flail of protection.
You barely miss Edmund.
The orc priest shouts!
You headbutt Edmund, but do no damage. You barely miss the orc priest.
The orc priest invokes the aid of Beogh against you.
Beogh smites you!
* * * LOW HITPOINT WARNING * * *
Edmund hits you with a +2 dire flail of protection.
* * * LOW HITPOINT WARNING * * *
You fade into invisibility!
You block the orc priest's attack.
Edmund hits you with a +2 dire flail of protection.
* * * LOW HITPOINT WARNING * * *
The orc hits you but does no damage.
You are very lightly contaminated with residual magic.
The orc priest hits you with a +0 flail.
* * * LOW HITPOINT WARNING * * *
You feel better.
Edmund hits you with a +2 dire flail of protection!
* * * LOW HITPOINT WARNING * * *
A magic dart appears from out of thin air!
The magic dart hits the orc!
The orc dies!
As you read the scroll labelled DOEFEM OHANOKE, it crumbles to dust.
The scroll dissolves into smoke.
It was a scroll of fog.
Edmund hits you with a +2 dire flail of protection.
You die...

#.#..#
#.#..#.#.#
#.#..#
#.#..#.#.#
#....#
#.#..#.#.#
##...#
#.####.#.#
#...#
#......#.#
##..#
########
#..# #§§#
#§@#########
##§@o.......
#§o..o.....
#..........
#..........
#..........
....#######
..(..#
......#


You could see Edmund, an orc priest and an orc.

Vanquished Creatures
  A hound (D:3)
  An orc priest (D:4)
  Ijyb (D:3)
  An orc wizard (D:4)
  4 adders
  3 worms (D:2)
  A dart slug (D:1)
  4 leopard geckos
  8 orcs
  A ball python (D:1)
  A giant cockroach (D:2)
  10 goblins
  5 hobgoblins
  4 jackals
  5 bats
  2 frilled lizards (D:1)
  4 kobolds
  9 rats
65 creatures vanquished.

Vanquished Creatures (others)
  An orc (D:4)
1 creature vanquished.

Grand Total: 66 creatures vanquished

Notes
Turn   | Place    | Note
-------+----------+-------------------------------------------
     0 | D:1      | robertstho the Minotaur Berserker began the quest for the
                  | Orb.
     0 | D:1      | Reached XP level 1. HP: 19/19 MP: 0/0
   149 | D:1      | Reached XP level 2. HP: 21/27 MP: 1/1
   779 | D:1      | Found a shimmering altar of Xom.
   781 | D:1      | Found a sparkling altar of Nemelex Xobeh.
   781 | D:1      | Found a shimmering blue altar of Sif Muna.
   783 | D:1      | Found a hazy altar of Hepliaklqana.
   783 | D:1      | Found an iron altar of Okawaru.
   783 | D:1      | Found a bloodstained altar of Trog.
   787 | D:1      | Reached ** piety under Trog
   994 | D:2      | Reached XP level 3. HP: 34/34 MP: 2/2
  1925 | D:2      | Reached XP level 4. HP: 21/41 MP: 3/3
  2667 | D:3      | Noticed Ijyb
  2680 | D:3      | Killed Ijyb
  2681 | D:3      | Reached skill level 1 in Shields
  2872 | D:3      | Reached skill level 5 in Fighting
  2872 | D:3      | Reached XP level 5. HP: 37/48 MP: 4/4
  3139 | D:3      | Found a hide-covered altar of Uskayaw.
  3308 | D:4      | Reached skill level 5 in Axes
  3602 | D:4      | Noticed Edmund
  3608 | D:4      | HP: 1/48 [orc priest/+0 flail (6)]
  3611 | D:4      | Slain by Edmund

Illustrated notes

Levels and vault maps discovered:
D:1:      nzn_arrival_settlement, layout_loops_ring, chequers_decorated_corner,
          doesnt_xom_only_xom
D:2:      layout_loops_corners
D:3:      layout_rooms, lemuel_doored_altar, uniq_ijyb
D:4:      layout_basic, uniq_edmund, uniq_menkaure

Skill      XL: |  1  2  3  4  5 |
---------------+----------------+-----
Fighting       | 4 5 |  5.1
Axes           | 4 5 |  5.3
Armour         | 3 |  3.6
Shields        | 1 |  1.8
Dodging        | 3 |  3.0
Stealth        | |  0.4

Action                   |  1- 3 |  4- 6 || total
-------------------------+-------+-------++-------
Melee: Hand axe          |   111 |    19 ||   130
       Headbutt          |    17 |    14 ||    31
       War axe           |       |    53 ||    53
Invok: Berserk           |     2 |     2 ||     4
       Trog's Hand       |       |     1 ||     1
  Use: Scroll            |       |     4 ||     4
       Potion            |       |     2 ||     2
Armor: Animal skin       |    14 |     1 ||    15
       Chain mail        |       |    35 ||    35
Dodge: Dodged            |    48 |    17 ||    65
Block: Kite shield       |    41 |    27 ||    68

Table legend: (Time is in decaauts)
 A = Elapsed time spent in this place.
 B = Non-inter-level travel time spent in this place.
 C = Inter-level travel time spent in this place.
 D = Time resting spent in this place.
 E = Time spent auto-exploring this place.
 F = Levels seen in this place.
 G = Mean time per level.
                   A        B        C        D        E       F      G
               +--------+--------+--------+--------+--------+-----+--------+
         Total |   3715 |   3634 |     81 |      0 |   3134 |   4 |  928.8 |
       Dungeon |   3715 |   3634 |     81 |      0 |   3134 |   4 |  928.8 |
               +--------+--------+--------+--------+--------+-----+--------+

Top non-repeatable levels by time:
     D:2: 1699 daAuts
     D:1: 1000 daAuts
     D:3: 681 daAuts
     D:4: 333 daAuts
